 Dungeon Crawl Stone Soup version 0.20.0-15-g7f486f2 (webtiles) character file.

13193 straycat the Nimble (level 11, -7/76 HPs)
             Began as a Vampire Wanderer on July 1, 2017.
             Was an Elder of Hepliaklqana.
             Mangled by a five-headed hydra (13 damage)
             ... on level 3 of the Lair of Beasts.
             The game lasted 01:31:34 (11971 turns).

straycat the Nimble (Vampire Wanderer)             Turns: 11971, Time: 01:31:36

Health: -7/76      AC:  8    Str: 10    XL:     11   Next: 72%
Magic:  0/18       EV: 23    Int: 13    God:    Hepliaklqana [****..]
Gold:   649        SH:  0    Dex: 23    Spells: 3/20 levels left

rFire    + . .     SeeInvis +   W - +0 scimitar (flame)
rCold    + . .     Gourm    .   (no shield)
rNeg     + + +     Faith    .   y - +0 leather armour
rPois    +         Spirit   +   j - +0 helmet
rElec    .         Reflect  .   d - scarf {Spirit}
rCorr    .         Harm     .   (no gloves)
MR       +....                  Y - +0 pair of boots
Stlth    ++++++....             G - amulet of regeneration
Regen    0.4/turn               D - ring "Xeaca" {rF+ rN+ Dex+3}
MPRegen  0.2/turn               o - +3 ring of protection

@: regenerating slowly
A: reduced essence, fangs 3, see invisible, unbreathing
a: Bat Form, Recall Ancestor, Ancestor Identity, Transference, Idealise,
Renounce Religion


You were on level 3 of the Lair of Beasts.
You worshipped Hepliaklqana.
Hepliaklqana was greatly pleased with you.
You were thirsty.

You visited 4 branches of the dungeon, and saw 14 of its levels.

You collected 649 gold pieces.

Inventory:

Hand Weapons
 e - a +4 blowgun
 g - a +1 shortbow of flaming
 m - a +0 arbalest
 I - the +8 whip "Snakebite" {curare, rPois}
   (You found it on level 1 of the Lair of Beasts)

   It poisons the flesh of those it strikes.
   It protects you from poison.
 L - a +2 short sword of freezing
 S - a +5 dagger of chaos
 U - a +2 antimagic dagger
 W - a +0 scimitar of flaming (weapon)
Missiles
 b - 41 poisoned needles
 k - a throwing net
 n - 85 arrows
 B - 42 sling bullets
 O - 13 curare-tipped needles
 V - 4 bolts
 X - 7 javelins (quivered)
Armour
 a - a +2 scale mail
 d - a scarf of spirit shield (worn)
 j - a +0 helmet (worn)
 y - a +0 leather armour (worn)
 E - a +0 buckler
 Y - a +0 pair of boots (worn)
Magical Staves
 A - an uncursed staff of air
 T - an uncursed staff of fire
Jewellery
 o - a +3 ring of protection (right hand)
 D - the ring "Xeaca" (left hand) {rF+ rN+ Dex+3}
   (You found it on level 5 of the Dungeon)

   [ring of positive energy]

   It affects your dexterity (+3).
   It protects you from fire.
   It protects you from negative energy.
 G - an amulet of regeneration (around neck)
Wands
 x - a wand of lightning (6/15)
 F - a wand of random effects (7/48)
 J - a wand of iceblast (8/15)
 N - a wand of disintegration (7/24)
 Z - a wand of paralysis (4/24)
Scrolls
 r - 5 scrolls of remove curse
 s - a scroll of enchant weapon
 t - 3 scrolls of blinking
 u - 2 scrolls of magic mapping
 C - a scroll of amnesia
 K - 4 scrolls of teleportation
Potions
 f - 12 potions of blood
 h - a potion of haste {unknown}
 i - 2 potions of cancellation {unknown}
 l - a potion of resistance {unknown}
 p - a potion of mutation {unknown}
 v - 3 potions of brilliance
 w - 2 potions of ambrosia
 z - a potion of agility
 H - 2 potions of flight
Books
 P - a book of the Sky

   Spells                             Type                      Level
   a - Summon Lightning Spire         Summoning/Air                4
   b - Silence                        Hexes/Air                    5
   c - Deflect Missiles               Charms/Air                   6
   d - Conjure Ball Lightning         Conjuration/Air              6
   e - Tornado                        Air                          9


   Skills:
 + Level 7.7 Fighting
 - Level 3.0 Short Blades
 - Level 1.0 Crossbows
 - Level 2.4 Armour
 * Level 12.8 Dodging
 + Level 12.1 Stealth
 - Level 4.0 Shields
 - Level 5.0 Spellcasting
 + Level 8.0 Hexes


You had 3 spell levels left.
You knew the following spells:

 Your Spells              Type           Power        Failure   Level  Hunger
a - Confuse               Hex            ###.....     2%          3    ###....
b - Metabolic Englaciati  Hex/Ice        ##........   78%         5    ######.
c - Yara's Violent Unrav  Hex/Tmut       ##........   78%         5    ######.
d - Sting                 Conj/Pois      #...         24%         1    None
e - Gell's Gravitas       Tloc           #.........   58%         3    ###....


Dungeon Overview and Level Annotations

Branches:
Dungeon (9/15)             Temple (1/1) D:5            Lair (3/6) D:9
 Spider (1/4) Lair:2
  Swamp: Lair:2-4    Shoals: Lair:2-4       Orc: D:9-12

Altars:
Dithmenos
Fedhas
Gozag
Hepliaklqana
Kikubaaqudgha
Makhleb
Nemelex Xobeh
Okawaru
Qazlal
Ru
Uskayaw
Vehumet
Xom
Yredelemnul
The Shining One

Shops:
D:5 }


Innate Abilities, Weirdness & Mutations

You heal slowly.
You have razor-sharp teeth.
You have supernaturally acute eyesight. (SInv)
You can survive without breathing.
Your life essence is reduced. (-10% HP)


Message History

* * * LOW HITPOINT WARNING * * *
The five-headed hydra bites you!
* * * LOW HITPOINT WARNING * * *
The five-headed hydra bites you.
* * * LOW HITPOINT WARNING * * *
You feel better. The five-headed hydra misses you.
You riposte.
You hit the five-headed hydra. You burn the five-headed hydra.
The five-headed hydra is heavily wounded.
The five-headed hydra bites you but does no damage.
The five-headed hydra misses you.
The five-headed hydra completely misses you.
The five-headed hydra bites you but does no damage.
There is a stone staircase leading up here.
The five-headed hydra bites you!
* * * LOW HITPOINT WARNING * * *
The five-headed hydra misses you.
The five-headed hydra completely misses you.
The five-headed hydra bites you but does no damage.
The five-headed hydra bites you!
You die...

#.........##...#
##..m......#...#
#.........#.>.##
#........#(...P#
#..............##.
#.)...............
#.................
#.####............
#@.# #........#.##
##D####m.......###
#..m#..........#
#...............#
#.......^......##
##....#####....#
#...## ##....#
#..## ...## #.##
...#


You could see a five-headed hydra, a merfolk and a merfolk siren (wandering).

Vanquished Creatures
  A hydra (D:9)
  Erica (D:8)
  Sonja (Lair:2)
  An orb spider (Lair:2)
  Maurice (D:8)
  A black mamba (Lair:1)
  Psyche (D:8)
  Joseph (D:8)
  A spiny frog (Lair:3)
  2 komodo dragons (Lair:1)
  2 hippogriffs
  2 blink frogs
  A dream sheep (D:9)
  A yak (D:9)
  Eustachio (D:4)
  A basilisk (Lair:2)
  A warg (D:9)
  A porcupine (Lair:2)
  4 water moccasins
  A black bear (D:6)
  4 orc warriors
  2 sky beasts
  2 ogres (D:6)
  A centaur (D:7)
  5 wolves (D:9)
  A crocodile (Lair:1)
  Blork the orc (D:4)
  2 big kobolds (D:9)
  4 bullfrogs
  A wyvern zombie (D:7)
  2 killer bees (D:8)
  3 howler monkeys
  2 crimson imps
  A centaur zombie (D:7)
  7 hounds
  Crazy Yiuf (D:6)
  3 orc priests
  3 bullfrog skeletons (D:5)
  Terence (D:3)
  6 worker ants
  4 orc wizards
  A killer bee zombie (D:6)
  A hound skeleton (D:6)
  2 worker ant zombies
  A howler monkey zombie (D:9)
  12 adders
  A shadow imp (D:5)
  2 oozes
  5 worms
  An adder skeleton (D:5)
  A dart slug (D:3)
  2 leopard geckos (D:2)
  24 orcs
  3 ball pythons (D:3)
  7 bats
  8 giant cockroaches
  6 goblins
  9 hobgoblins
  7 jackals
  6 quokkas
  7 frilled lizards
  12 kobolds
  A leopard gecko zombie (D:8)
  A quokka zombie (D:5)
  9 rats
211 creatures vanquished.

Vanquished Creatures (collateral kills)
  A merfolk siren (Lair:3)
  A black mamba (Lair:1)
  A spiny frog (Lair:2)
  A komodo dragon (D:9)
  A dream sheep (D:9)
  2 hippogriffs (Lair:1)
  A blink frog (Lair:1)
  A basilisk (Lair:1)
  2 water moccasins (Lair:1)
  2 porcupines
  A black bear (Lair:1)
  A phantom (D:6)
  A wolf (Lair:1)
  An ogre (D:6)
  A big kobold (D:9)
  3 bullfrogs
  2 killer bees (D:8)
  4 crimson imps
  A quasit (D:7)
  2 orc priests
  A jelly (D:8)
  3 orc wizards
  An iguana (D:6)
  2 worker ants
  2 adders
  An adder zombie (D:8)
  An adder skeleton (D:6)
  6 orcs
  A jackal (D:6)
  A quokka (D:9)
  3 plants
52 creatures vanquished.

Vanquished Creatures (others)
  8 battlemagi
  5 ancestors
  A fungus (Lair:3)
  A plant (Lair:2)
15 creatures vanquished.

Grand Total: 278 creatures vanquished

Notes
Turn   | Place    | Note
-------+----------+-------------------------------------------
     0 | D:1      | straycat the Vampire Wanderer began the quest for the Orb.
     0 | D:1      | straycat set off with: a +2 scale mail, a +0 short sword, a +0 hand crossbow, 24 bolts, a +0 dagger, a potion of blood
     0 | D:1      | Reached XP level 1. HP: 16/16 MP: 1/1
   185 | D:1      | Reached skill level 1 in Dodging
   185 | D:1      | Reached XP level 2. HP: 22/22 MP: 2/2
   760 | D:2      | Reached XP level 3. HP: 22/27 MP: 3/3
  1673 | D:2      | Reached XP level 4. HP: 33/33 MP: 4/4
  1751 | D:2      | Found a sparkling altar of Nemelex Xobeh.
  1819 | D:2      | Found an opulent altar of Gozag.
  1819 | D:2      | Found a radiant altar of Vehumet.
  2152 | D:2      | Learned a level 3 spell: Confuse
  2368 | D:3      | Noticed Terence
  2429 | D:3      | Killed Terence
  2429 | D:3      | Reached skill level 1 in Hexes
  2609 | D:3      | Reached XP level 5. HP: 36/39 MP: 5/5
  2834 | D:3      | Found an iron altar of Okawaru.
  3021 | D:3      | Reached skill level 1 in Spellcasting
  3311 | D:3      | Found a blossoming altar of Fedhas.
  3910 | D:4      | Reached XP level 6. HP: 47/47 MP: 8/8
  4183 | D:4      | Noticed Blork the orc
  4191 | D:4      | Learned a level 5 spell: Metabolic Englaciation
  4206 | D:4      | Killed Blork the orc
  4330 | D:4      | Noticed Eustachio
  4419 | D:4      | Killed Eustachio
  4419 | D:4      | Reached skill level 5 in Dodging
  4419 | D:4      | Reached XP level 7. HP: 15/52 MP: 9/11
  5001 | D:5      | Entered Level 5 of the Dungeon
  5142 | D:5      | Got a sparkling pewter ring
  5298 | D:5      | Found a staircase to the Ecumenical Temple.
  5445 | D:5      | Found Monul's Gadget Shop.
  5486 | Temple   | Entered the Ecumenical Temple
  5541 | Temple   | Became a worshipper of Hepliaklqana the Forgotten
  5610 | D:5      | Identified the ring "Xeaca" {rF+ rN+ Dex+3} (You found it on level 5 of the Dungeon)
  5907 | D:6      | Reached XP level 8. HP: 51/54 MP: 13/13
  6098 | D:5      | Learned a level 5 spell: Yara's Violent Unravelling
  6210 | D:6      | Learned a level 1 spell: Sting
  6345 | D:6      | Reached skill level 5 in Stealth
  6738 | D:6      | Reached * piety under Hepliaklqana
  7015 | D:6      | Found a runed door.
  7408 | D:6      | Noticed Crazy Yiuf
  7412 | D:6      | Killed Crazy Yiuf
  7490 | D:7      | Noticed a hippogriff
  7500 | D:7      | Killed a hippogriff
  7500 | D:7      | Reached XP level 9. HP: 44/60 MP: 16/16
  7606 | D:7      | Reached skill level 5 in Spellcasting
  7616 | D:7      | Reached skill level 5 in Fighting
  8076 | D:7      | Reached ** piety under Hepliaklqana
  8078 | D:7      | Reached skill level 1 in Shields
  8079 | D:7      | Remembered your ancestor Seras as a battlemage
  8304 | D:8      | Noticed Psyche
  8306 | D:8      | Noticed Joseph
  8364 | D:8      | Killed Joseph
  8411 | D:8      | Killed Psyche
  8424 | D:8      | Learned a level 3 spell: Gell's Gravitas
  8469 | D:8      | Noticed Maurice
  8482 | D:8      | Killed Maurice
  8482 | D:8      | Reached skill level 10 in Dodging
  8482 | D:8      | Reached XP level 10. HP: 68/68 MP: 17/17
  8488 | D:8      | Noticed Erica
  8497 | D:8      | Killed Erica
  8986 | D:9      | Reached skill level 10 in Stealth
  9048 | D:9      | Noticed a three-headed hydra
  9057 | D:9      | Killed a one-headed hydra
  9057 | D:9      | Reached skill level 5 in Hexes
  9106 | D:9      | Found a staircase to the Lair.
  9215 | Lair:1   | Entered Level 1 of the Lair of Beasts
  9415 | D:9      | Reached XP level 11. HP: 35/74 MP: 18/18
  9861 | Lair:1   | Reached *** piety under Hepliaklqana
 10898 | Lair:2   | Noticed Sonja
 11125 | Lair:2   | Found a hole to the Spider Nest.
 11125 | Lair:2   | Noticed an orb spider
 11145 | Lair:2   | Killed an orb spider
 11181 | Spider:1 | Entered Level 1 of the Spider Nest
 11239 | Spider:1 | Noticed a wolf spider
 11241 | Spider:1 | Noticed a wolf spider
 11243 | Spider:1 | Noticed an orb spider
 11416 | Lair:2   | Paralysed by Sonja for 3 turns
 11423 | Lair:2   | Killed Sonja
 11781 | Lair:3   | Reached **** piety under Hepliaklqana
 11804 | Lair:3   | Noticed a five-headed hydra
 11971 | Lair:3   | Mangled by a five-headed hydra

Skill      XL: |  1  2  3  4  5  6  7  8  9 10 11 |
---------------+----------------------------------+-----
Dodging        | 1 2 3 4 5 6 8 10 11 12 | 12.8
Short Blades   | 2 3 |  3.0
Fighting       | 2 3 4 5 6 7 |  7.7
Hexes          | 1 3 4 5 8 |  8.0
Spellcasting   | 1 3 4 5 |  5.0
Stealth        | 6 9 10 12 | 12.1
Shields        | 2 4 |  4.0
Crossbows      | |  1.0
Armour         | |  2.4

Action                   |  1- 3 |  4- 6 |  7- 9 | 10-12 || total
-------------------------+-------+-------+-------+-------++-------
Melee: Dagger            |    75 |   238 |    10 |   127 ||   450
       Bite              |     8 |    48 |    54 |    11 ||   121
       Short sword       |       |   127 |   184 |       ||   311
       Hand crossbow     |       |     3 |     1 |       ||     4
       Rapier            |       |       |   135 |       ||   135
       Scimitar          |       |       |       |     4 ||     4
       Unarmed           |       |       |       |     1 ||     1
 Fire: Hand crossbow     |    54 |    47 |    56 |       ||   157
       Arbalest          |       |       |       |     9 ||     9
       Shortbow          |       |       |       |    69 ||    69
       Blowgun           |       |       |       |     3 ||     3
Throw: Stone             |     5 |     3 |     1 |       ||     9
       Tomahawk          |       |       |     3 |     3 ||     6
       Throwing net      |       |       |       |     1 ||     1
 Cast: Sting             |       |       |     1 |       ||     1
       Confuse           |       |       |    15 |    12 ||    27
Invok: Ancestor Identity |       |       |     2 |       ||     2
       Recall Ancestor   |       |       |     2 |     2 ||     4
       Ancestor Life: Ba |       |       |     1 |       ||     1
 Abil: End Transformatio |       |       |     1 |     1 ||     2
       Bat Form          |       |       |     1 |     1 ||     2
Evoke: Wand              |       |     2 |       |       ||     2
  Use: Potion            |     1 |    12 |    11 |    13 ||    37
       Scroll            |       |    10 |     8 |     5 ||    23
 Stab: Sleeping          |     1 |    10 |    15 |    13 ||    39
       Distracted        |       |       |     3 |     5 ||     8
       Confused          |       |       |     3 |       ||     3
       Petrifying        |       |       |       |     1 ||     1
  Eat: Corpse            |     1 |     1 |     3 |     1 ||     6
Armor: Scale mail        |    45 |   158 |    48 |       ||   251
       Leather armour    |       |       |    44 |    42 ||    86
Dodge: Dodged            |    40 |   147 |   295 |   298 ||   780
       Rpst.: Scimitar   |       |       |       |     2 ||     2
